 Dungeon Crawl Stone Soup version 0.20.0-14-g326068f (webtiles) character file.

32 Phantomfrettchen the Skirmisher (level 3, -3/43 HPs)
             Began as a Demonspawn Chaos Knight on June 7, 2017.
             Slain by Sigmund
             ... wielding a +1 antimagic scythe
              (13 damage)
             ... on level 2 of the Dungeon.
             The game lasted 00:07:40 (812 turns).

Phantomfrettchen the Skirmisher (DsCK)               Turns: 812, Time: 00:07:40

Health: -3/43      AC:  5    Str: 17    XL:     3   Next: 8%
Magic:  2/3        EV: 11    Int: 13    God:    Xom [...*..]
Gold:   67         SH:  0    Dex: 13    Spells: 2/2 levels left

rFire    . . .     SeeInvis .     - Unarmed
rCold    . . .     Gourm    .   (no shield)
rNeg     . . .     Faith    .   a - +2 leather armour
rPois    .         Spirit   .   (helmet restricted)
rElec    .         Reflect  .   (no cloak)
rCorr    .         Harm     .   (no gloves)
MR       .....     Rnd*Tele +   (no boots)
Stlth    ..........             (no amulet)
Regen    0.2/turn               g - ring of teleportation (curse)
MPRegen  0.1/turn               (no ring)

@: berserking, very quick
A: horns 1, powered by pain 1
a: Renounce Religion


You were on level 2 of the Dungeon.
You worshipped Xom.
You were a favourite toy of Xom.
You were not hungry.

You visited 1 branch of the dungeon, and saw 2 of its levels.

You collected 67 gold pieces.

Inventory:

Hand Weapons
 f - a +0 dagger
Armour
 a - a +2 leather armour (worn)
 k - a +0 ring mail
Jewellery
 g - a cursed ring of teleportation (left hand)
Scrolls
 d - a scroll of identify {unknown}
 h - a scroll of amnesia {unknown}
 i - a scroll of remove curse {unknown}
Comestibles
 b - 2 bread rations
 c - 3 chunks of flesh
 j - a royal jelly


   Skills:
 + Level 3.3 Fighting
 + Level 1.9 Armour
 + Level 1.3 Dodging
 + Level 3.3 Unarmed Combat


You had 2 spell levels left.
You didn't know any spells.

Dungeon Overview and Level Annotations

Branches:
Dungeon (2/15)

Altars:

Annotations:
D:2 Sigmund


Innate Abilities, Weirdness & Mutations

You have a pair of small horns on your head.
You sometimes gain a little power by taking damage.


Message History

A red film seems to cover your vision as you go berserk!
You feel yourself moving faster!
You feel mighty!
Xom is highly amused!
You feel a strong urge to attack something.
Sigmund casts a spell.
Sigmund flickers and vanishes!
Deactivating autopickup; reactivate with Ctrl-A.
There is a stone staircase leading down, spattered with blood here.
You hit something. Your headbutt misses something. Something hits you.
You punch something! Your headbutt misses something. You punch something!
You completely miss something. Something hits you.
* * * LOW HITPOINT WARNING * * *
You barely miss something.
Some of the chunks of flesh in your inventory have rotted away.
You barely miss something. Your headbutt misses something. Something hits you.
* * * LOW HITPOINT WARNING * * *
You barely miss something. Your headbutt misses something. You miss something.
Something hits you!
You die...

### #.###### #......#
############ #.####.#
...........###########.#
#.#
...........†...{@......#
#.#
...####....#####+#######
#.# ... #....#.........#
#.# ... #...)#.........#
#.# ... #..............#
#.##### ...
#..............# #..÷...
... #..............#
####### ...
######.........#
#.........#


There were no monsters in sight!

Vanquished Creatures
  An ooze (D:1)
  5 goblins
  2 hobgoblins
  8 jackals
  A kobold (D:1)
  A quokka (D:2)
  A ball python (D:2)
  2 bats (D:1)
  A frilled lizard (D:1)
  A rat (D:2)
23 creatures vanquished.

Notes
Turn   | Place    | Note
-------+----------+-------------------------------------------
     0 | D:1      | Phantomfrettchen the Demonspawn Chaos Knight began the quest for the Orb.
     0 | D:1      | Reached XP level 1. HP: 18/18 MP: 1/1
    96 | D:1      | XOM: potion effect (brilliance)
   106 | D:1      | Reached skill level 1 in Dodging
   110 | D:1      | XOM: harmless Chrm miscast
   159 | D:1      | Gained mutation: You have a pair of small horns on your head. [demonic ancestry]
   159 | D:1      | Reached XP level 2. HP: 24/24 MP: 2/2
   161 | D:1      | XOM: silly message
   241 | D:1      | XOM: harmless Tmut miscast
   668 | D:2      | XOM: enchant monster (good)
   763 | D:2      | Noticed Sigmund
   782 | D:2      | Gained mutation: You sometimes gain a little power by taking damage. [demonic ancestry]
   782 | D:2      | Reached XP level 3. HP: 23/29 MP: 3/3
   783 | D:2      | XOM: butterfly on damage
   812 | D:2      | Slain by Sigmund

Skill      XL: |  1  2 |
---------------+-------+-----
Dodging        | 1 |  1.3
Unarmed Combat | 3 |  3.3
Fighting       | |  3.3
Armour         | |  1.9

Action                   || total
-------------------------++-------
Melee: Unarmed           ||    86
       Headbutt          ||     3
  Use: Potion            ||     1
 Stab: Petrified         ||     1
Armor: Leather armour    ||    46
Dodge: Dodged            ||    58
